Royaux vs Knights

Created - March 20, 2020 at 19:48

Goals
1 2 3 T
Royaux 2 1 1 4
Knights 0 2 1 3
Shots
1 2 3 T
Royaux 10 9 16 35
Knights 14 15 10 39

1st period

1. Royaux , Nathan Gerbe 18 (Ben Hanowski 30, Brendan Woods 7) at 12:13
2. Royaux , Brandon Pirri 16 (Ian McCoshen 3) at 19:49

Penalties :
Phil Oreskovic (Cap) for Hooking (Minor) at 9:12

2nd period

3. Knights , Miro Aaltonen 23 (Dwight King 42) at 1:26 (PP)
4. Knights , Dwight King 33 (Miro Aaltonen 40) at 2:32 (PP)
5. Royaux , Simon Despres 7 (Dylan Larkin 37, Haydn Fleury 11) at 13:10

Penalties :
Marcus Pettersson (Cap) for Tripping (Minor) at 1:02, Tobias Rieder (Cap) for Hooking (Minor) at 2:27, Phil Oreskovic (Cap) for Hooking (Minor) at 5:44, Brandon Pirri (Cap) for Cross-checking (Minor) at 14:59

3rd period

6. Royaux , Dylan Larkin 31 (Ben Hanowski 31, Gord Baldwin 14) at 0:56
7. Knights , Jordan Martinook 20 (Vince Hinostroza 15) at 4:40

Penalties :
Nathan Gerbe (Cap) for Tripping (Minor) at 1:04, Michael Matheson (Lon) for Hooking (Minor) at 13:05, Phil Oreskovic (Cap) for Goalie Interference (Minor) at 17:06

Goalie Stats

Olivier Roy (Cap), 36 saves from 39 shots - (0.923), W, 25-12-1, 60:00 minutes
Magnus Hellberg (Lon), 31 saves from 35 shots - (0.886), L, 24-17-4, 60:00 minutes

Players Stats for Royaux

Player Name              G  A  P  +/- PIM S  H  SB GA TA FO     MP     PP MP  PK MP  
------------------------------------------------------------------------------------
Anton Slepyshev          0  0  0  -1  0   2  1  0  1  0  0/0    11:46   0:00   0:00 
Ben Hanowski             0  2  2   2  0   3  3  0  3  0  1/1    19:52   0:54   2:42 
Brandon Pirri            1  0  1   1  2   1  0  0  0  0  0/0     6:00   0:00   2:10 
Brendan Woods            0  1  1   2  0   1  1  0  0  0  0/0    18:21   0:54   1:42 
Danny Kristo             0  0  0  -1  0   1  2  2  2  0  0/0    11:46   0:00   0:00 
Dylan Larkin             1  1  2   2  0   5  0  0  2  0  6/16   17:44   0:54   1:05 
Gord Baldwin             0  1  1   3  0   0  0  0  0  0  0/0    26:46   1:20   6:40 
Haydn Fleury             0  1  1   0  0   0  0  1  0  1  0/0    19:31   0:39   3:23 
Ian McCoshen             0  1  1   0  0   5  0  1  0  0  0/0    13:43   0:00   0:21 
Marcus Pettersson        0  0  0   0  2   1  1  2  1  0  0/0    15:32   0:00   3:03 
Marko Dano               0  0  0   1  0   1  4  0  0  0  5/16   25:51   1:05   5:47 
Nathan Gerbe             1  0  1   1  2   4  1  2  0  0  12/22  22:35   1:05   4:40 
Nicholas Baptiste        0  0  0   1  0   0  0  0  0  0  0/0     0:33   0:00   0:00 
Phil Oreskovic           0  0  0   3  6   1  5  1  0  0  0/0    24:00   1:20   2:54 
Rourke Chartier          0  0  0  -1  0   0  1  1  0  1  4/13   11:46   0:00   0:00 
Simon Despres            1  0  1   0  0   2  1  1  0  0  0/0    20:35   0:39   4:27 
Sonny Milano             0  0  0   1  0   0  0  0  0  0  0/0     3:07   0:00   0:00 
Tobias Rieder            0  0  0   1  2   8  1  0  0  1  0/2    20:01   1:05   2:42 

Players Stats for Knights

Player Name              G  A  P  +/- PIM S  H  SB GA TA FO     MP     PP MP  PK MP  
------------------------------------------------------------------------------------
Brendan Gaunce           0  0  0  -2  0   2  3  0  0  1  9/17   16:40   4:08   0:19 
Collin Miller            0  0  0   0  0   3  1  1  0  0  0/0    21:35   6:16   0:00 
Dwight King              1  1  2   0  0   8  4  1  0  0  1/2    24:43   6:05   1:06 
Jaccob Slavin            0  0  0  -3  0   2  0  2  0  1  0/0    26:01   6:16   1:01 
Jordan Martinook         1  0  1   0  0   3  5  0  0  0  0/1    11:11   0:11   1:06 
Kevin Fiala              0  0  0  -1  0   0  1  1  0  0  4/5     7:36   0:00   0:00 
Linden Vey               0  0  0  -2  0   3  2  0  0  0  1/1    18:54   6:05   0:00 
Ludwig Bystrom           0  0  0   0  0   0  1  0  0  0  0/0    11:17   0:00   1:00 
Michael Matheson         0  0  0   0  2   3  2  0  0  1  0/0    17:27   4:08   0:00 
Miro Aaltonen            1  1  2   0  0   8  0  2  0  0  20/35  23:37   6:05   0:00 
Nicolas Petan            0  0  0   0  0   0  1  0  0  0  4/5    10:05   0:11   0:00 
Nikolaj Ehlers           0  0  0  -2  0   2  1  0  1  1  0/1    16:21   4:08   0:00 
Nikolay Goldobin         0  0  0  -1  0   1  1  0  0  1  0/0     7:36   0:00   0:00 
Olli Maatta              0  0  0   0  0   2  0  2  1  1  0/0    20:35   0:00   0:59 
Ryan Strome              0  0  0   0  0   0  3  1  1  1  2/2    22:00   4:08   0:34 
Tomas Kundratek          0  0  0  -3  0   1  1  5  0  1  0/0    23:26   4:08   0:58 
Valentin Zykov           0  0  0  -1  0   0  0  0  0  0  0/0     7:55   0:00   0:19 
Vince Hinostroza         0  1  1   0  0   1  0  0  0  1  1/1    11:01   0:11   0:34 

3 Stars

1 - Dylan Larkin (Cap)
2 - Ben Hanowski (Cap)
3 - Dwight King (Lon)

Power Play

Royaux - 0 on 1 Attempt(s) - 0.00%
Knights - 2 on 7 Attempt(s) - 28.57%

Penalty Kill

Royaux - 5 on 7 Attempt(s) - 71.43% - Score 0 goal in Penalty Kill
Knights - 1 on 1 Attempt(s) - 100.00% - Score 0 goal in Penalty Kill

Team Stat

Royaux - Hits : 21 - Faceoff Wins : 28 - Blocked Shots : 11 - Penalty Minutes : 14
Knights - Hits : 26 - Faceoff Wins : 42 - Blocked Shots : 15 - Penalty Minutes : 2

Official

Referees : Unknown
Linesman : Unknown

Game Notes

No Game Note

Finance

Level 1 -- Attendance: 1991 (99.55%) -- Ticket Income $35,838
Level 2 -- Attendance: 983 (98.30%) -- Ticket Income $9,830
Total Attendance: 2974 (99.13%)
Total Ticket Income: $45,668
Other Income: $2,283
Total Income: $47,951

Royaux

5 vs 5 Forward 
   Center                   Left Wing                Right Wing               Time % Phy DF OF 
 1 Nathan Gerbe             Marko Dano               Tobias Rieder            40     1   2  2  
 2 Dylan Larkin             Brendan Woods            Ben Hanowski             30     1   2  2  
 3 Rourke Chartier          Anton Slepyshev          Danny Kristo             20     1   2  2  
 4 Marko Dano               Sonny Milano             Brandon Pirri            10     1   2  2  

5 vs 5 Defense 
   Defense                  Defense                                           Time % Phy DF OF 
 1 Gord Baldwin             Phil Oreskovic                                    40     1   2  2  
 2 Simon Despres            Haydn Fleury                                      30     1   2  2  
 3 Ian McCoshen             Marcus Pettersson                                 20     1   2  2  
 4 Gord Baldwin             Phil Oreskovic                                    10     1   2  2  

PowerPlay Forward 
   Center                   Left Wing                Right Wing               Time % Phy DF OF 
 1 Nathan Gerbe             Marko Dano               Tobias Rieder            60     1   2  2  
 2 Dylan Larkin             Brendan Woods            Ben Hanowski             40     1   2  2  

PowerPlay Defense
   Defense                  Defense                                           Time % Phy DF OF 
 1 Gord Baldwin             Phil Oreskovic                                    60     1   2  2  
 2 Simon Despres            Haydn Fleury                                      40     1   2  2  

Penalty Kill 4 Players Forward 
   Center                   Wing                     Time % Phy DF OF 
 1 Marko Dano               Nathan Gerbe             60     1   2  2  
 2 Tobias Rieder            Ben Hanowski             40     1   2  2  

Penalty Kill 4 Players Defense
   Defense                  Defense                  Time % Phy DF OF 
 1 Gord Baldwin             Phil Oreskovic           60     1   2  2  
 2 Simon Despres            Haydn Fleury             40     1   2  2  

Penalty Kill - 3 Players Forward 
   Forward                                           Time % Phy DF OF 
 1 Marko Dano                                        60     1   2  2  
 2 Nathan Gerbe                                      40     1   2  2  

Penalty Kill - 3 Players Defense
   Defense                  Defense                  Time % Phy DF OF 
 1 Gord Baldwin             Phil Oreskovic           60     1   2  2  
 2 Simon Despres            Haydn Fleury             40     1   2  2  

4 vs 4 Forward 
   Center                   Wing                     Time % Phy DF OF 
 1 Marko Dano               Nathan Gerbe             60     1   2  2  
 2 Tobias Rieder            Ben Hanowski             40     1   2  2  

4 vs 4 Defense
   Defense                  Defense                  Time % Phy DF OF 
 1 Gord Baldwin             Phil Oreskovic           60     1   2  2  
 2 Simon Despres            Haydn Fleury             40     1   2  2  

Last Minutes Offensive
   Center                   Left Wing                Right Wing               Defense                  Defense                  
   Nathan Gerbe             Marko Dano               Tobias Rieder            Gord Baldwin             Phil Oreskovic           

Last Minutes Defensive
   Center                   Left Wing                Right Wing               Defense                  Defense                  
   Nathan Gerbe             Marko Dano               Tobias Rieder            Gord Baldwin             Phil Oreskovic           

Goaltenders
Starting : Olivier Roy              
Backup : Igor Shesterkin          

Extra Forwards
Normal : Nicholas Baptiste, Danny Kristo, Brandon Pirri - PP : Nicholas Baptiste, Danny Kristo - PK : Brandon Pirri
Extra Defensemen
Normal : Ian McCoshen, Marcus Pettersson, Simon Despres - PP : Ian McCoshen - PK : Marcus Pettersson, Simon Despres
Penalty Shots
Marko Dano, Nathan Gerbe, Tobias Rieder, Ben Hanowski, Danny Kristo

Scratches
Vladislav Namestnikov (Healthy), Garrett Wilson (Healthy), Tanner Kero (Healthy), Greg McKegg (Healthy), Teuvo Teravainen (Lower Body Injury)
Konrad Abeltshauser (Healthy), Tomas Hyka (Healthy), Mirco Mueller (Suspend), Michael Bunting (Healthy), Ryan Mantha (Healthy)
Jack Ramsey (Healthy), Marcus Hogberg (Healthy), Hayden Hawkey (Healthy)

Knights

5 vs 5 Forward 
   Center                   Left Wing                Right Wing               Time % Phy DF OF 
 1 Miro Aaltonen            Dwight King              Ryan Strome              40     1   1  3  
 2 Brendan Gaunce           Nikolaj Ehlers           Linden Vey               30     1   2  2  
 3 Nicolas Petan            Jordan Martinook         Vince Hinostroza         20     0   2  3  
 4 Kevin Fiala              Valentin Zykov           Nikolay Goldobin         10     0   2  3  

5 vs 5 Defense 
   Defense                  Defense                                           Time % Phy DF OF 
 1 Jaccob Slavin            Tomas Kundratek                                   40     1   2  2  
 2 Collin Miller            Olli Maatta                                       30     1   2  2  
 3 Michael Matheson         Ludwig Bystrom                                    20     1   2  2  
 4 Michael Matheson         Olli Maatta                                       10     1   2  2  

PowerPlay Forward 
   Center                   Left Wing                Right Wing               Time % Phy DF OF 
 1 Miro Aaltonen            Dwight King              Linden Vey               60     0   1  4  
 2 Brendan Gaunce           Nikolaj Ehlers           Ryan Strome              40     0   1  4  

PowerPlay Defense
   Defense                  Defense                                           Time % Phy DF OF 
 1 Collin Miller            Jaccob Slavin                                     60     0   1  4  
 2 Michael Matheson         Tomas Kundratek                                   40     0   1  4  

Penalty Kill 4 Players Forward 
   Center                   Wing                     Time % Phy DF OF 
 1 Dwight King              Jordan Martinook         60     1   3  1  
 2 Ryan Strome              Vince Hinostroza         40     1   3  1  

Penalty Kill 4 Players Defense
   Defense                  Defense                  Time % Phy DF OF 
 1 Tomas Kundratek          Olli Maatta              60     1   3  1  
 2 Jaccob Slavin            Michael Matheson         40     1   3  1  

Penalty Kill - 3 Players Forward 
   Forward                                           Time % Phy DF OF 
 1 Dwight King                                       60     0   4  1  
 2 Vince Hinostroza                                  40     0   4  1  

Penalty Kill - 3 Players Defense
   Defense                  Defense                  Time % Phy DF OF 
 1 Jaccob Slavin            Olli Maatta              60     1   3  1  
 2 Michael Matheson         Tomas Kundratek          40     1   3  1  

4 vs 4 Forward 
   Center                   Wing                     Time % Phy DF OF 
 1 Nikolaj Ehlers           Linden Vey               60     1   2  2  
 2 Miro Aaltonen            Dwight King              40     1   2  2  

4 vs 4 Defense
   Defense                  Defense                  Time % Phy DF OF 
 1 Tomas Kundratek          Jaccob Slavin            60     1   2  2  
 2 Olli Maatta              Collin Miller            40     1   2  2  

Last Minutes Offensive
   Center                   Left Wing                Right Wing               Defense                  Defense                  
   Miro Aaltonen            Dwight King              Linden Vey               Tomas Kundratek          Jaccob Slavin            

Last Minutes Defensive
   Center                   Left Wing                Right Wing               Defense                  Defense                  
   Miro Aaltonen            Jordan Martinook         Vince Hinostroza         Olli Maatta              Tomas Kundratek          

Goaltenders
Starting : Magnus Hellberg          
Backup : Elvis Merzlikins         

Extra Forwards
Normal : Jordan Martinook, Linden Vey, Dwight King - PP : Linden Vey, Miro Aaltonen - PK : Dwight King
Extra Defensemen
Normal : Olli Maatta, Michael Matheson, Collin Miller - PP : Michael Matheson - PK : Ludwig Bystrom, Michael Matheson
Penalty Shots
Kevin Fiala, Miro Aaltonen, Ryan Strome, Linden Vey, Dwight King

Scratches
Noel Acciari (Torn Right Knee Ligaments Injury), Zach Nastasiuk (Healthy), Nicklas Jensen (Healthy), Alan Quine (Healthy), David Shields (Healthy)
Matthew Benning (Healthy), Trevor Moore (Healthy), Scott Wilson (Healthy), Curtis Valk (Healthy), Anthony Louis (Healthy)
Travis Boyd (Healthy), Fredrik Claesson (Healthy), Mackenzie MacEachern (Healthy), Jayce Hawryluk (Healthy), Nathan Walker (Healthy)
A.J. Jenks (Healthy), Ryan Collins (Healthy), William Lagesson (Healthy), Eamon McAdam (Healthy), Philippe Desrosiers (Healthy)
Ville Husso (Healthy)

% Time on Ice - Royaux

Lines # - Real PCT - Wanted PCT - Time Play
Normal Forward
1 - 33% - 40% - 15:34
2 - 35% - 30% - 16:16
3 - 25% - 20% - 11:46
4 - 7% - 10% - 3:07
Normal Defense
1 - 37% - 40% - 17:10
2 - 33% - 30% - 15:29
3 - 26% - 20% - 11:58
4 - 4% - 10% - 2:06
PP Forward
1 - 55% - 60% - 1:05
2 - 45% - 40% - 0:54
PP Defense
1 - 67% - 60% - 1:20
2 - 33% - 40% - 0:39
PK Forward
1 - 74% - 60% - 7:42
2 - 26% - 40% - 2:42
PK Defense
1 - 67% - 60% - 7:01
2 - 33% - 40% - 3:23
PK3 Forward
1 - 0% - 60%
2 - 0% - 40%
PK3 Defense
1 - 0% - 60%
2 - 0% - 40%
44 Forward
1 - 0% - 60%
2 - 0% - 40%
44 Defense
1 - 0% - 60%
2 - 0% - 40%
Last Minute Offensive  - 0:00
Last Minute Defensive  - 0:54
Total
Forward - 60:00
Defense - 60:00

% Time on Ice - Knights

Lines # - Real PCT - Wanted PCT - Time Play
Normal Forward
1 - 37% - 40% - 17:08
2 - 27% - 30% - 12:48
3 - 20% - 20% - 9:24
4 - 16% - 10% - 7:36
Normal Defense
1 - 38% - 40% - 17:41
2 - 33% - 30% - 15:39
3 - 22% - 20% - 10:17
4 - 7% - 10% - 3:19
PP Forward
1 - 60% - 60% - 6:13
2 - 40% - 40% - 4:11
PP Defense
1 - 60% - 60% - 6:16
2 - 40% - 40% - 4:08
PK Forward
1 - 71% - 60% - 1:25
2 - 29% - 40% - 0:34
PK Defense
1 - 49% - 60% - 0:58
2 - 51% - 40% - 1:01
PK3 Forward
1 - 0% - 60%
2 - 0% - 40%
PK3 Defense
1 - 0% - 60%
2 - 0% - 40%
44 Forward
1 - 0% - 60%
2 - 0% - 40%
44 Defense
1 - 0% - 60%
2 - 0% - 40%
Last Minute Offensive  - 0:41
Last Minute Defensive  - 0:00
Total
Forward - 60:00
Defense - 60:00

Play-by-Play

1st period


0:01 of 1st period - Miro Aaltonen wins face-off versus Nathan Gerbe in neutral zone.
0:12 of 1st period - Wrist shot by Ryan Strome.
0:12 of 1st period - Shot Misses the Net.
0:56 of 1st period - Wrist shot by Jordan Martinook.
0:56 of 1st period - Stopped by Olivier Roy with a rebound.
1:28 of 1st period - Brendan Woods is hit by Ryan Strome and loses puck.
2:07 of 1st period - Slapshot by Jordan Martinook.
2:07 of 1st period - Stopped by Olivier Roy with a rebound.
2:09 of 1st period - Slapshot by Michael Matheson.
2:09 of 1st period - Shot Blocked by Marcus Pettersson.
2:11 of 1st period - Slapshot by Michael Matheson.
2:11 of 1st period - Deflect By Marcus Pettersson.
2:11 of 1st period - Stopped by Olivier Roy without a rebound.
2:12 of 1st period - Dylan Larkin wins face-off versus Nicolas Petan in Royaux zone.
2:12 of 1st period - Dylan Larkin is hit by Jordan Martinook.
2:18 of 1st period - Ben Hanowski is hit by Jordan Martinook and loses puck.
2:45 of 1st period - Wrist shot by Vince Hinostroza.
2:45 of 1st period - Shot Misses the Net.
2:47 of 1st period - Snap shot by Jaccob Slavin.
2:47 of 1st period - Stopped by Olivier Roy without a rebound.
2:48 of 1st period - Nathan Gerbe wins face-off versus Miro Aaltonen in Royaux zone.
3:12 of 1st period - Icing by Olli Maatta.
3:13 of 1st period - Brendan Gaunce wins face-off versus Rourke Chartier in Knights zone.
3:40 of 1st period - Miro Aaltonen is hit by Marko Dano and loses puck.
3:47 of 1st period - Slapshot by Nathan Gerbe.
3:47 of 1st period - Shot Blocked by Miro Aaltonen.
3:49 of 1st period - Wrist shot by Nathan Gerbe.
3:49 of 1st period - Shot Blocked by Tomas Kundratek.
4:27 of 1st period - Wrist shot by Vince Hinostroza.
4:27 of 1st period - Stopped by Olivier Roy without a rebound.
4:28 of 1st period - Miro Aaltonen wins face-off versus Rourke Chartier in Royaux zone.
4:33 of 1st period - Wrist shot by Miro Aaltonen.
4:33 of 1st period - Shot Misses the Net.
4:39 of 1st period - Wrist shot by Miro Aaltonen.
4:39 of 1st period - Shot Misses the Net.
4:41 of 1st period - Snap shot by Dwight King.
4:41 of 1st period - Shot Misses the Net.
4:43 of 1st period - Slapshot by Collin Miller.
4:43 of 1st period - Stopped by Olivier Roy with a rebound.
4:53 of 1st period - Phil Oreskovic is hit by Linden Vey and loses puck.
5:19 of 1st period - Icing by Nikolay Goldobin.
5:20 of 1st period - Kevin Fiala wins face-off versus Dylan Larkin in Knights zone.
5:29 of 1st period - Snap shot by Ben Hanowski.
5:29 of 1st period - Shot Misses the Net.
5:46 of 1st period - Icing by Valentin Zykov.
5:47 of 1st period - Kevin Fiala wins face-off versus Rourke Chartier in Knights zone.
5:52 of 1st period - Ian McCoshen is hit by Michael Matheson and loses puck.
6:12 of 1st period - Icing by Danny Kristo.
6:13 of 1st period - Rourke Chartier wins face-off versus Miro Aaltonen in Royaux zone.
6:26 of 1st period - Wrist shot by Anton Slepyshev.
6:26 of 1st period - Shot Blocked by Olli Maatta.
6:32 of 1st period - Danny Kristo is hit by Collin Miller and loses puck.
6:45 of 1st period - Snap shot by Nathan Gerbe.
6:45 of 1st period - Stopped by Magnus Hellberg without a rebound.
6:46 of 1st period - Brendan Gaunce wins face-off versus Nathan Gerbe in Knights zone.
7:09 of 1st period - Snap shot by Brendan Gaunce.
7:09 of 1st period - Stopped by Olivier Roy without a rebound.
7:10 of 1st period - Ryan Strome wins face-off versus Dylan Larkin in Royaux zone.
8:18 of 1st period - Brandon Pirri is hit by Kevin Fiala and loses puck.
8:41 of 1st period - Wrist shot by Ben Hanowski.
8:41 of 1st period - Stopped by Magnus Hellberg without a rebound.
8:42 of 1st period - Miro Aaltonen wins face-off versus Nathan Gerbe in Knights zone.
9:03 of 1st period - Jaccob Slavin is hit by Phil Oreskovic and loses puck.
9:12 of 1st period - Minor Penalty to Phil Oreskovic for Hooking.
9:13 of 1st period - Miro Aaltonen wins face-off versus Marko Dano in Royaux zone.
9:16 of 1st period - Slapshot by Dwight King.
9:16 of 1st period - Stopped by Olivier Roy with a rebound.
9:18 of 1st period - Snap shot by Collin Miller.
9:18 of 1st period - Stopped by Olivier Roy without a rebound.
9:19 of 1st period - Marko Dano wins face-off versus Miro Aaltonen in Royaux zone.
9:26 of 1st period - Snap shot by Marko Dano.
9:26 of 1st period - Stopped by Magnus Hellberg with a rebound.
9:32 of 1st period - Slapshot by Linden Vey.
9:32 of 1st period - Shot Misses the Net.
9:34 of 1st period - Slapshot by Jaccob Slavin.
9:34 of 1st period - Stopped by Olivier Roy without a rebound.
9:35 of 1st period - Marko Dano wins face-off versus Miro Aaltonen in Royaux zone.
10:27 of 1st period - Nathan Gerbe is hit by Dwight King and loses puck.
11:12 of 1st period - Penalty to Phil Oreskovic is over, Phil Oreskovic is back on ice.
11:24 of 1st period - Slapshot by Anton Slepyshev.
11:24 of 1st period - Stopped by Magnus Hellberg without a rebound.
11:25 of 1st period - Nicolas Petan wins face-off versus Rourke Chartier in Knights zone.
11:32 of 1st period - Backhand shot by Collin Miller.
11:32 of 1st period - Deflect By Jordan Martinook.
11:32 of 1st period - Shot Blocked by Danny Kristo.
11:32 of 1st period - Puck is out of play.
11:33 of 1st period - Nicolas Petan wins face-off versus Dylan Larkin in Royaux zone.
11:45 of 1st period - Icing by Brendan Woods.
11:46 of 1st period - Miro Aaltonen wins face-off versus Dylan Larkin in Royaux zone.
12:11 of 1st period - Wrist shot by Ben Hanowski.
12:11 of 1st period - Shot Misses the Net.
12:13 of 1st period - Backhand shot by Nathan Gerbe.
12:13 of 1st period - Goal by Nathan Gerbe - Royaux : 1 - Knights : 0.
12:14 of 1st period - Nathan Gerbe wins face-off versus Miro Aaltonen in neutral zone.
12:27 of 1st period - Wrist shot by Dwight King.
12:27 of 1st period - Deflect By Miro Aaltonen.
12:27 of 1st period - Shot Misses the Net.
12:27 of 1st period - Puck is out of play.
12:28 of 1st period - Marko Dano wins face-off versus Brendan Gaunce in Royaux zone.
12:40 of 1st period - Snap shot by Tobias Rieder.
12:40 of 1st period - Stopped by Magnus Hellberg without a rebound.
12:41 of 1st period - Nathan Gerbe wins face-off versus Miro Aaltonen in Knights zone.
12:44 of 1st period - Wrist shot by Marko Dano.
12:44 of 1st period - Deflect By Nathan Gerbe.
12:44 of 1st period - Stopped by Magnus Hellberg with a rebound.
12:56 of 1st period - Snap shot by Miro Aaltonen.
12:56 of 1st period - Shot Misses the Net.
13:16 of 1st period - Off-side.
13:17 of 1st period - Nathan Gerbe wins face-off versus Miro Aaltonen in neutral zone.
15:00 of 1st period - Wrist shot by Ben Hanowski.
15:00 of 1st period - Shot Misses the Net.
15:33 of 1st period - Tobias Rieder is hit by Ludwig Bystrom and loses puck.
15:39 of 1st period - Icing by Gord Baldwin.
15:40 of 1st period - Miro Aaltonen wins face-off versus Nathan Gerbe in Royaux zone.
15:45 of 1st period - Wrist shot by Dwight King.
15:45 of 1st period - Stopped by Olivier Roy with a rebound.
15:47 of 1st period - Snap shot by Ryan Strome.
15:47 of 1st period - Deflect By Miro Aaltonen.
15:47 of 1st period - Stopped by Olivier Roy with a rebound.
15:49 of 1st period - Slapshot by Tomas Kundratek.
15:49 of 1st period - Shot Blocked by Nathan Gerbe.
15:51 of 1st period - Wrist shot by Miro Aaltonen.
15:51 of 1st period - Deflect By Dwight King.
15:51 of 1st period - Stopped by Olivier Roy without a rebound.
15:52 of 1st period - Ryan Strome wins face-off versus Dylan Larkin in Royaux zone.
16:03 of 1st period - Wrist shot by Dwight King.
16:03 of 1st period - Stopped by Olivier Roy without a rebound.
16:04 of 1st period - Ben Hanowski wins face-off versus Brendan Gaunce in Royaux zone.
16:11 of 1st period - Snap shot by Dylan Larkin.
16:11 of 1st period - Stopped by Magnus Hellberg with a rebound.
16:13 of 1st period - Snap shot by Gord Baldwin.
16:13 of 1st period - Shot Misses the Net.
16:17 of 1st period - Slapshot by Brendan Woods.
16:17 of 1st period - Shot Misses the Net.
16:38 of 1st period - Wrist shot by Tobias Rieder.
16:38 of 1st period - Stopped by Magnus Hellberg without a rebound.
16:39 of 1st period - Linden Vey wins face-off versus Dylan Larkin in Knights zone.
16:49 of 1st period - Off-side.
16:50 of 1st period - Nathan Gerbe wins face-off versus Miro Aaltonen in neutral zone.
16:54 of 1st period - Off-side.
16:55 of 1st period - Nathan Gerbe wins face-off versus Miro Aaltonen in neutral zone.
17:00 of 1st period - Wrist shot by Tobias Rieder.
17:00 of 1st period - Shot Blocked by Ryan Strome.
17:02 of 1st period - Slapshot by Phil Oreskovic.
17:02 of 1st period - Shot Blocked by Dwight King.
17:06 of 1st period - Wrist shot by Nathan Gerbe.
17:06 of 1st period - Shot Misses the Net.
17:08 of 1st period - Slapshot by Tobias Rieder.
17:08 of 1st period - Shot Blocked by Olli Maatta.
17:10 of 1st period - Wrist shot by Tobias Rieder.
17:10 of 1st period - Shot Misses the Net.
18:10 of 1st period - Slapshot by Phil Oreskovic.
18:10 of 1st period - Shot Blocked by Tomas Kundratek.
18:14 of 1st period - Wrist shot by Marko Dano.
18:14 of 1st period - Shot Misses the Net.
18:23 of 1st period - Off-side.
18:24 of 1st period - Miro Aaltonen wins face-off versus Nathan Gerbe in neutral zone.
18:46 of 1st period - Snap shot by Tobias Rieder.
18:46 of 1st period - Shot Misses the Net.
18:52 of 1st period - Michael Matheson is hit by Nathan Gerbe and loses puck.
19:49 of 1st period - Wrist shot by Brandon Pirri.
19:49 of 1st period - Goal by Brandon Pirri - Royaux : 2 - Knights : 0.
19:50 of 1st period - Dylan Larkin wins face-off versus Miro Aaltonen in neutral zone.
Goals for this period are 2 for Royaux vs 0 for Knights.
Shots for this period are 10 for Royaux vs 14 for Knights.

2nd period


0:01 of 2nd period - Brendan Gaunce wins face-off versus Nathan Gerbe in neutral zone.
0:34 of 2nd period - Wrist shot by Dylan Larkin.
0:34 of 2nd period - Stopped by Magnus Hellberg with a rebound.
0:36 of 2nd period - Snap shot by Brendan Woods.
0:36 of 2nd period - Shot Misses the Net.
0:46 of 2nd period - Wrist shot by Vince Hinostroza.
0:46 of 2nd period - Shot Blocked by Ian McCoshen.
0:48 of 2nd period - Slapshot by Olli Maatta.
0:48 of 2nd period - Shot Misses the Net.
0:50 of 2nd period - Wrist shot by Vince Hinostroza.
0:50 of 2nd period - Shot Blocked by Marcus Pettersson.
0:52 of 2nd period - Snap shot by Olli Maatta.
0:52 of 2nd period - Shot Blocked by Rourke Chartier.
0:54 of 2nd period - Wrist shot by Olli Maatta.
0:54 of 2nd period - Shot Misses the Net.
1:02 of 2nd period - Minor Penalty to Marcus Pettersson for Tripping.
1:03 of 2nd period - Miro Aaltonen wins face-off versus Marko Dano in Royaux zone.
1:14 of 2nd period - Wrist shot by Miro Aaltonen.
1:14 of 2nd period - Stopped by Olivier Roy with a rebound.
1:16 of 2nd period - Wrist shot by Linden Vey.
1:16 of 2nd period - Stopped by Olivier Roy without a rebound.
1:17 of 2nd period - Miro Aaltonen wins face-off versus Marko Dano in Royaux zone.
1:26 of 2nd period - Snap shot by Miro Aaltonen.
1:26 of 2nd period - Goal by Miro Aaltonen - Royaux : 2 - Knights : 1.
1:27 of 2nd period - Miro Aaltonen wins face-off versus Marko Dano in neutral zone.
1:42 of 2nd period - Wrist shot by Miro Aaltonen.
1:42 of 2nd period - Stopped by Olivier Roy without a rebound.
1:43 of 2nd period - Brendan Gaunce wins face-off versus Dylan Larkin in Royaux zone.
1:52 of 2nd period - Snap shot by Phil Oreskovic.
1:52 of 2nd period - Stopped by Magnus Hellberg without a rebound.
1:53 of 2nd period - Dylan Larkin wins face-off versus Brendan Gaunce in Knights zone.
2:20 of 2nd period - Slapshot by Nikolaj Ehlers.
2:20 of 2nd period - Stopped by Olivier Roy without a rebound.
2:21 of 2nd period - Miro Aaltonen wins face-off versus Tobias Rieder in Royaux zone.
2:27 of 2nd period - Minor Penalty to Tobias Rieder for Hooking.
2:28 of 2nd period - Miro Aaltonen wins face-off versus Marko Dano in Royaux zone.
2:30 of 2nd period - Snap shot by Miro Aaltonen.
2:30 of 2nd period - Stopped by Olivier Roy with a rebound.
2:32 of 2nd period - Snap shot by Dwight King.
2:32 of 2nd period - Goal by Dwight King - Royaux : 2 - Knights : 2.
2:33 of 2nd period - Miro Aaltonen wins face-off versus Marko Dano in neutral zone.
2:36 of 2nd period - Wrist shot by Dwight King.
2:36 of 2nd period - Shot Blocked by Nathan Gerbe.
2:58 of 2nd period - Phil Oreskovic is hit by Brendan Gaunce.
3:06 of 2nd period - Snap shot by Dylan Larkin.
3:06 of 2nd period - Shot Misses the Net.
3:20 of 2nd period - Slapshot by Kevin Fiala.
3:20 of 2nd period - Shot Misses the Net.
3:22 of 2nd period - Slapshot by Tomas Kundratek.
3:22 of 2nd period - Shot Misses the Net.
3:24 of 2nd period - Backhand shot by Nikolay Goldobin.
3:24 of 2nd period - Stopped by Olivier Roy without a rebound.
3:25 of 2nd period - Nathan Gerbe wins face-off versus Kevin Fiala in Royaux zone.
3:48 of 2nd period - Slapshot by Tomas Kundratek.
3:48 of 2nd period - Deflect By Danny Kristo.
3:48 of 2nd period - Stopped by Olivier Roy without a rebound.
3:49 of 2nd period - Miro Aaltonen wins face-off versus Rourke Chartier in Royaux zone.
4:00 of 2nd period - Michael Matheson is hit by Phil Oreskovic and loses puck.
4:35 of 2nd period - Slapshot by Dwight King.
4:35 of 2nd period - Stopped by Olivier Roy with a rebound.
4:37 of 2nd period - Slapshot by Michael Matheson.
4:37 of 2nd period - Stopped by Olivier Roy with a rebound.
4:45 of 2nd period - Snap shot by Miro Aaltonen.
4:45 of 2nd period - Stopped by Olivier Roy without a rebound.
4:46 of 2nd period - Brendan Gaunce wins face-off versus Rourke Chartier in Royaux zone.
4:59 of 2nd period - Snap shot by Nikolaj Ehlers.
4:59 of 2nd period - Stopped by Olivier Roy without a rebound.
5:00 of 2nd period - Nathan Gerbe wins face-off versus Jordan Martinook in Royaux zone.
5:07 of 2nd period - Snap shot by Tobias Rieder.
5:07 of 2nd period - Stopped by Magnus Hellberg with a rebound.
5:27 of 2nd period - Ben Hanowski is hit by Nikolaj Ehlers and loses puck.
5:44 of 2nd period - Minor Penalty to Phil Oreskovic for Hooking.
5:45 of 2nd period - Marko Dano wins face-off versus Miro Aaltonen in Royaux zone.
6:59 of 2nd period - Brendan Woods is hit by Dwight King and loses puck.
7:44 of 2nd period - Penalty to Phil Oreskovic is over, Phil Oreskovic is back on ice.
8:05 of 2nd period - Snap shot by Anton Slepyshev.
8:05 of 2nd period - Shot Misses the Net.
8:07 of 2nd period - Snap shot by Anton Slepyshev.
8:07 of 2nd period - Stopped by Magnus Hellberg without a rebound.
8:08 of 2nd period - Kevin Fiala wins face-off versus Dylan Larkin in Knights zone.
9:32 of 2nd period - Collin Miller is hit by Marko Dano and loses puck.
9:56 of 2nd period - Wrist shot by Brendan Gaunce.
9:56 of 2nd period - Deflect By Danny Kristo.
9:56 of 2nd period - Shot Blocked by Danny Kristo.
9:56 of 2nd period - Puck is out of play.
9:57 of 2nd period - Dylan Larkin wins face-off versus Miro Aaltonen in Royaux zone.
10:12 of 2nd period - Wrist shot by Ben Hanowski.
10:12 of 2nd period - Stopped by Magnus Hellberg with a rebound.
11:11 of 2nd period - Olli Maatta is hit by Tobias Rieder and loses puck.
11:22 of 2nd period - Dwight King is hit by Marcus Pettersson and loses puck.
11:31 of 2nd period - Snap shot by Dwight King.
11:31 of 2nd period - Stopped by Olivier Roy with a rebound.
11:57 of 2nd period - Snap shot by Nathan Gerbe.
11:57 of 2nd period - Shot Misses the Net.
11:59 of 2nd period - Slapshot by Ian McCoshen.
11:59 of 2nd period - Deflect By Ryan Strome.
11:59 of 2nd period - Stopped by Magnus Hellberg without a rebound.
12:00 of 2nd period - Brendan Gaunce wins face-off versus Dylan Larkin in Knights zone.
12:00 of 2nd period - Brendan Gaunce is hit by Ben Hanowski.
12:03 of 2nd period - Icing by Linden Vey.
12:04 of 2nd period - Dylan Larkin wins face-off versus Nikolaj Ehlers in Knights zone.
12:05 of 2nd period - Wrist shot by Brendan Woods.
12:05 of 2nd period - Deflect By Ben Hanowski.
12:05 of 2nd period - Stopped by Magnus Hellberg with a rebound.
12:07 of 2nd period - Slapshot by Brendan Woods.
12:07 of 2nd period - Stopped by Magnus Hellberg without a rebound.
12:08 of 2nd period - Dylan Larkin wins face-off versus Brendan Gaunce in Knights zone.
13:10 of 2nd period - Slapshot by Simon Despres.
13:10 of 2nd period - Goal by Simon Despres - Royaux : 3 - Knights : 2.
13:11 of 2nd period - Nicolas Petan wins face-off versus Rourke Chartier in neutral zone.
13:37 of 2nd period - Phil Oreskovic is hit by Michael Matheson.
13:48 of 2nd period - Off-side.
13:49 of 2nd period - Rourke Chartier wins face-off versus Miro Aaltonen in neutral zone.
13:58 of 2nd period - Haydn Fleury is hit by Tomas Kundratek and loses puck.
14:59 of 2nd period - Minor Penalty to Brandon Pirri for Cross-checking.
15:00 of 2nd period - Miro Aaltonen wins face-off versus Marko Dano in Royaux zone.
15:13 of 2nd period - Snap shot by Miro Aaltonen.
15:13 of 2nd period - Shot Blocked by Phil Oreskovic.
15:25 of 2nd period - Nathan Gerbe is hit by Brendan Gaunce and loses puck.
16:23 of 2nd period - Phil Oreskovic is hit by Linden Vey and loses puck.
16:56 of 2nd period - Simon Despres is hit by Jordan Martinook and loses puck.
16:59 of 2nd period - Penalty to Brandon Pirri is over, Brandon Pirri is back on ice.
17:27 of 2nd period - Slapshot by Nathan Gerbe.
17:27 of 2nd period - Shot Blocked by Kevin Fiala.
17:56 of 2nd period - Jaccob Slavin is hit by Danny Kristo and loses puck.
18:11 of 2nd period - Ryan Strome is hit by Anton Slepyshev and loses puck.
18:22 of 2nd period - Ryan Strome is hit by Brendan Woods.
18:26 of 2nd period - Tomas Kundratek is hit by Simon Despres and loses puck.
18:37 of 2nd period - Wrist shot by Miro Aaltonen.
18:37 of 2nd period - Stopped by Olivier Roy with a rebound.
19:10 of 2nd period - Wrist shot by Dylan Larkin.
19:10 of 2nd period - Shot Blocked by Miro Aaltonen.
19:40 of 2nd period - Ryan Strome is hit by Ben Hanowski and loses puck.
Goals for this period are 1 for Royaux vs 2 for Knights.
Shots for this period are 9 for Royaux vs 15 for Knights.

3rd period


0:01 of 3rd period - Brendan Gaunce wins face-off versus Marko Dano in neutral zone.
0:01 of 3rd period - Brendan Gaunce is hit by Phil Oreskovic.
0:05 of 3rd period - Snap shot by Linden Vey.
0:05 of 3rd period - Stopped by Olivier Roy with a rebound.
0:25 of 3rd period - Ryan Strome is hit by Phil Oreskovic.
0:56 of 3rd period - Wrist shot by Dylan Larkin.
0:56 of 3rd period - Goal by Dylan Larkin - Royaux : 4 - Knights : 2.
0:57 of 3rd period - Brendan Gaunce wins face-off versus Nathan Gerbe in neutral zone.
1:01 of 3rd period - Off-side.
1:02 of 3rd period - Nathan Gerbe wins face-off versus Brendan Gaunce in neutral zone.
1:04 of 3rd period - Minor Penalty to Nathan Gerbe for Tripping.
1:05 of 3rd period - Miro Aaltonen wins face-off versus Marko Dano in Royaux zone.
1:19 of 3rd period - Snap shot by Miro Aaltonen.
1:19 of 3rd period - Stopped by Olivier Roy without a rebound.
1:20 of 3rd period - Miro Aaltonen wins face-off versus Marko Dano in Royaux zone.
1:45 of 3rd period - Phil Oreskovic is hit by Brendan Gaunce and loses puck.
3:04 of 3rd period - Penalty to Nathan Gerbe is over, Nathan Gerbe is back on ice.
3:16 of 3rd period - Wrist shot by Tobias Rieder.
3:16 of 3rd period - Stopped by Magnus Hellberg with a rebound.
3:22 of 3rd period - Backhand shot by Tobias Rieder.
3:22 of 3rd period - Shot Blocked by Collin Miller.
3:24 of 3rd period - Wrist shot by Tobias Rieder.
3:24 of 3rd period - Stopped by Magnus Hellberg with a rebound.
3:26 of 3rd period - Snap shot by Tobias Rieder.
3:26 of 3rd period - Stopped by Magnus Hellberg without a rebound.
3:27 of 3rd period - Nicolas Petan wins face-off versus Rourke Chartier in Knights zone.
3:27 of 3rd period - Nicolas Petan is hit by Danny Kristo.
3:59 of 3rd period - Snap shot by Nikolay Goldobin.
3:59 of 3rd period - Shot Misses the Net.
4:01 of 3rd period - Slapshot by Michael Matheson.
4:01 of 3rd period - Stopped by Olivier Roy without a rebound.
4:02 of 3rd period - Nathan Gerbe wins face-off versus Miro Aaltonen in Royaux zone.
4:30 of 3rd period - Wrist shot by Brendan Gaunce.
4:30 of 3rd period - Stopped by Olivier Roy with a rebound.
4:32 of 3rd period - Slapshot by Olli Maatta.
4:32 of 3rd period - Deflect By Phil Oreskovic.
4:32 of 3rd period - Stopped by Olivier Roy with a rebound.
4:34 of 3rd period - Snap shot by Collin Miller.
4:34 of 3rd period - Stopped by Olivier Roy with a rebound.
4:36 of 3rd period - Snap shot by Linden Vey.
4:36 of 3rd period - Stopped by Olivier Roy with a rebound.
4:38 of 3rd period - Snap shot by Olli Maatta.
4:38 of 3rd period - Deflect By Brendan Gaunce.
4:38 of 3rd period - Shot Misses the Net.
4:38 of 3rd period - Puck is out of play.
4:39 of 3rd period - Vince Hinostroza wins face-off versus Rourke Chartier in Royaux zone.
4:40 of 3rd period - Snap shot by Jordan Martinook.
4:40 of 3rd period - Goal by Jordan Martinook - Royaux : 4 - Knights : 3.
4:41 of 3rd period - Nathan Gerbe wins face-off versus Brendan Gaunce in neutral zone.
4:44 of 3rd period - Jaccob Slavin is hit by Marko Dano and loses puck.
5:57 of 3rd period - Kevin Fiala is hit by Marko Dano and loses puck.
6:41 of 3rd period - Slapshot by Dylan Larkin.
6:41 of 3rd period - Stopped by Magnus Hellberg with a rebound.
6:43 of 3rd period - Slapshot by Marcus Pettersson.
6:43 of 3rd period - Stopped by Magnus Hellberg without a rebound.
6:44 of 3rd period - Rourke Chartier wins face-off versus Brendan Gaunce in Knights zone.
7:11 of 3rd period - Marko Dano is hit by Ryan Strome and loses puck.
7:50 of 3rd period - Brendan Woods is hit by Jordan Martinook.
8:10 of 3rd period - Snap shot by Linden Vey.
8:10 of 3rd period - Shot Blocked by Haydn Fleury.
8:30 of 3rd period - Olli Maatta is hit by Ben Hanowski and loses puck.
9:29 of 3rd period - Snap shot by Tobias Rieder.
9:29 of 3rd period - Stopped by Magnus Hellberg with a rebound.
9:41 of 3rd period - Ludwig Bystrom is hit by Rourke Chartier and loses puck.
9:54 of 3rd period - Brendan Woods is hit by Jordan Martinook and loses puck.
10:01 of 3rd period - Wrist shot by Jordan Martinook.
10:01 of 3rd period - Shot Misses the Net.
10:15 of 3rd period - Ben Hanowski is hit by Ryan Strome.
11:36 of 3rd period - Rourke Chartier is hit by Dwight King and loses puck.
12:07 of 3rd period - Rourke Chartier is hit by Nikolay Goldobin and loses puck.
12:49 of 3rd period - Collin Miller is hit by Phil Oreskovic and loses puck.
13:05 of 3rd period - Minor Penalty to Michael Matheson for Hooking.
13:06 of 3rd period - Dwight King wins face-off versus Tobias Rieder in Knights zone.
14:09 of 3rd period - Wrist shot by Dylan Larkin.
14:09 of 3rd period - Stopped by Magnus Hellberg with a rebound.
14:11 of 3rd period - Slapshot by Simon Despres.
14:11 of 3rd period - Stopped by Magnus Hellberg without a rebound.
14:12 of 3rd period - Marko Dano wins face-off versus Dwight King in Knights zone.
15:05 of 3rd period - Penalty to Michael Matheson is over, Michael Matheson is back on ice.
15:24 of 3rd period - Snap shot by Michael Matheson.
15:24 of 3rd period - Shot Blocked by Simon Despres.
15:26 of 3rd period - Slapshot by Olli Maatta.
15:26 of 3rd period - Deflect By Simon Despres.
15:26 of 3rd period - Stopped by Olivier Roy without a rebound.
15:27 of 3rd period - Rourke Chartier wins face-off versus Brendan Gaunce in Royaux zone.
15:40 of 3rd period - Snap shot by Danny Kristo.
15:40 of 3rd period - Shot Misses the Net.
15:42 of 3rd period - Snap shot by Danny Kristo.
15:42 of 3rd period - Stopped by Magnus Hellberg with a rebound.
15:54 of 3rd period - Ben Hanowski is hit by Dwight King and loses puck.
16:10 of 3rd period - Icing by Dylan Larkin.
16:11 of 3rd period - Kevin Fiala wins face-off versus Dylan Larkin in Royaux zone.
16:12 of 3rd period - Slapshot by Nikolay Goldobin.
16:12 of 3rd period - Shot Misses the Net.
16:36 of 3rd period - Danny Kristo is hit by Nicolas Petan and loses puck.
16:59 of 3rd period - Wrist shot by Miro Aaltonen.
16:59 of 3rd period - Shot Misses the Net.
17:01 of 3rd period - Snap shot by Dwight King.
17:01 of 3rd period - Stopped by Olivier Roy without a rebound.
17:02 of 3rd period - Brendan Gaunce wins face-off versus Nathan Gerbe in Royaux zone.
17:06 of 3rd period - Minor Penalty to Phil Oreskovic for Goalie Interference.
17:07 of 3rd period - Miro Aaltonen wins face-off versus Marko Dano in Royaux zone.
19:06 of 3rd period - Penalty to Phil Oreskovic is over, Phil Oreskovic is back on ice.
19:18 of 3rd period - Slapshot by Ian McCoshen.
19:18 of 3rd period - Deflect By Nathan Gerbe.
19:18 of 3rd period - Shot Blocked by Tomas Kundratek.
19:18 of 3rd period - Puck is out of play.
19:19 of 3rd period - Adams Oates call a timeout for Knights.
19:19 of 3rd period - Nathan Gerbe wins face-off versus Miro Aaltonen in Knights zone.
19:20 of 3rd period - Snap shot by Marko Dano.
19:20 of 3rd period - Shot Misses the Net.
19:22 of 3rd period - Wrist shot by Nathan Gerbe.
19:22 of 3rd period - Shot Blocked by Jaccob Slavin.
19:24 of 3rd period - Slapshot by Ian McCoshen.
19:24 of 3rd period - Shot Misses the Net.
19:26 of 3rd period - Slapshot by Tobias Rieder.
19:26 of 3rd period - Shot Misses the Net.
19:28 of 3rd period - Slapshot by Ian McCoshen.
19:28 of 3rd period - Stopped by Magnus Hellberg with a rebound.
19:30 of 3rd period - Slapshot by Marko Dano.
19:30 of 3rd period - Shot Blocked by Jaccob Slavin.
19:32 of 3rd period - Wrist shot by Phil Oreskovic.
19:32 of 3rd period - Shot Blocked by Tomas Kundratek.
19:34 of 3rd period - Slapshot by Ian McCoshen.
19:34 of 3rd period - Shot Blocked by Tomas Kundratek.
19:36 of 3rd period - Snap shot by Tobias Rieder.
19:36 of 3rd period - Stopped by Magnus Hellberg with a rebound.
19:38 of 3rd period - Snap shot by Ian McCoshen.
19:38 of 3rd period - Stopped by Magnus Hellberg with a rebound.
19:40 of 3rd period - Slapshot by Nathan Gerbe.
19:40 of 3rd period - Stopped by Magnus Hellberg with a rebound.
19:42 of 3rd period - Slapshot by Ian McCoshen.
19:42 of 3rd period - Stopped by Magnus Hellberg without a rebound.
19:43 of 3rd period - Miro Aaltonen wins face-off versus Nathan Gerbe in Knights zone.
19:52 of 3rd period - Wrist shot by Tobias Rieder.
19:52 of 3rd period - Shot Misses the Net.
19:54 of 3rd period - Snap shot by Phil Oreskovic.
19:54 of 3rd period - Shot Misses the Net.
19:56 of 3rd period - Slapshot by Ian McCoshen.
19:56 of 3rd period - Stopped by Magnus Hellberg without a rebound.
19:57 of 3rd period - Miro Aaltonen wins face-off versus Nathan Gerbe in Knights zone.
Goals for this period are 1 for Royaux vs 1 for Knights.
Shots for this period are 16 for Royaux vs 10 for Knights.